 Dungeon Crawl Stone Soup version 0.28.0-43-g3370ac3207 (webtiles) character file.

Game seed: 11053568541598055491

47 Kaptain the Digger (level 3, -2/20 HPs)
             Began as a Gargoyle Earth Elementalist on Mar 16, 2022.
             Slain by Crazy Yiuf
             ... wielding a +2 quarterstaff of chaos
              (4 damage)
             ... on level 2 of the Dungeon.
             The game lasted 00:03:38 (1431 turns).

Kaptain the Digger (Gargoyle Earth Elementalist)    Turns: 1431, Time: 00:03:39

Health: -2/20      AC:  6    Str: 11    XL:     3   Next: 70%
Magic:  2/6        EV: 11    Int: 17    God:
Gold:   58         SH:  0    Dex: 10    Spells: 5/6 levels left

rFire   . . .      SeeInvis .   m - +0 war axe
rCold   . . .      Faith    .   (no shield)
rNeg    + . .      Spirit   .   b - +0 robe
rPois   ∞          Reflect  .   a - +0 helmet
rElec   +          Harm     .   (no cloak)
rCorr   .          Rampage  .   (no gloves)
Will    .....                   (no boots)
Stlth   ++........              (no amulet)
HPRegen 0.06/turn               (no ring)
MPRegen 0.10/turn               (no ring)

@: no status effects
A: sickness immunity, AC +3, negative energy resistance 1, electricity
resistance, torment resistance 1, petrification resistance
a: no special abilities


You were on level 2 of the Dungeon.
You visited 1 branch of the dungeon, and saw 2 of its levels.

You collected 58 gold pieces.

Inventory:

Hand Weapons
 d - a +0 spear
 j - a +0 short sword
 k - a +0 hunting sling
 m - a +0 war axe (weapon)
Missiles
 c - 153 stones
 l - 45 sling bullets
Armour
 a - a +0 helmet (worn)
 b - a +0 robe (worn)
Scrolls
 f - a scroll of identify {unknown}
 g - a scroll of teleportation {unknown}
 i - a scroll of noise {unknown}
 n - a scroll of fear {unknown}
Potions
 e - a potion of brilliance {unknown}
 h - a potion of resistance {unknown}
 o - a potion of berserk rage {unknown}
 p - a potion of lignification {unknown}


   Skills:
 * Level 1.4 Fighting
 + Level 0.9 Armour
 - Level 1.5 Dodging
 - Level 2.1 Stealth
 * Level 2.3 Spellcasting
 * Level 1.6 Conjurations
 - Level 0.7 Transmutations
 * Level 4.0 Earth Magic


You had 5 spell levels left.
You knew the following spells:

 Your Spells              Type           Power      Damage    Failure   Level
a - Sandblast             Erth           30%        2d9       3%          1

Your spell library contained the following spells:

 Spells                   Type           Power      Damage    Failure   Level
 Passwall                 Tmut/Erth      8%         N/A       11%         2
 Stone Arrow              Conj/Erth      22%        3d8       17%         3
 Petrify                  Tmut/Erth      10%        N/A       56%         4


Dungeon Overview and Level Annotations

Branches:
Dungeon (2/15)

Altars:

Annotations:
D:2 Crazy Yiuf


Innate Abilities, Weirdness & Mutations

You are immune to sickness and miasma.
Your stone body is resilient. (AC +3)
You are immune to poison.
You resist negative energy. (rN+)
You are resistant to electric shocks. (rElec)
You are resistant to unholy torment.
You are immune to petrification.


Message History

Confirm with . or Enter, or press ? or * to list all spells.
You don't know that spell.
Unknown command.
Casting: Sandblast (safe; 3% risk of failure)
Confirm with . or Enter, or press ? or * to list all spells.
Aiming: Sandblast (safe; 3% risk of failure)
Press: ? - help, Shift-Dir - straight line, f - Crazy Yiuf
Aim: Crazy Yiuf, wielding a +2 quarterstaff of chaos and wearing a +0 cloak (82% to hit)
The blast of sand hits Crazy Yiuf.
Crazy Yiuf is lightly wounded.
Crazy Yiuf hits you with a +2 quarterstaff of chaos.
Crazy Yiuf freezes you.
Casting: Sandblast (safe; 3% risk of failure)
Confirm with . or Enter, or press ? or * to list all spells.
Aiming: Sandblast (safe; 3% risk of failure)
Press: ? - help, Shift-Dir - straight line, f/p - Crazy Yiuf
Aim: Crazy Yiuf, wielding a +2 quarterstaff of chaos and wearing a +0 cloak (lightly wounded, 82% to hit)
The blast of sand hits Crazy Yiuf!
Crazy Yiuf is heavily wounded.
Crazy Yiuf barely misses you.
Casting: Sandblast (safe; 3% risk of failure)
Confirm with . or Enter, or press ? or * to list all spells.
Aiming: Sandblast (safe; 3% risk of failure)
Press: ? - help, Shift-Dir - straight line, f/p - Crazy Yiuf
Aim: Crazy Yiuf, wielding a +2 quarterstaff of chaos and wearing a +0 cloak (heavily wounded, 82% to hit)
The blast of sand hits Crazy Yiuf.
Crazy Yiuf is severely wounded.
Crazy Yiuf hits you with a +2 quarterstaff of chaos!
* * * LOW HITPOINT WARNING * * *
Unknown command.
Casting: Sandblast (safe; 3% risk of failure)
Confirm with . or Enter, or press ? or * to list all spells.
Aiming: Sandblast (safe; 3% risk of failure)
Press: ? - help, Shift-Dir - straight line, f/p - Crazy Yiuf
Aim: Crazy Yiuf, wielding a +2 quarterstaff of chaos and wearing a +0 cloak (severely wounded, 82% to hit)
The blast of sand hits Crazy Yiuf.
Crazy Yiuf is almost dead.
Crazy Yiuf cries, "Ice!"
Crazy Yiuf hits you with a +2 quarterstaff of chaos.
You die...

#....###.# ##..##
#.# ♣....♣ #.#
♣♣...♣ #.# ##
♣♣.♣♣ #.# #. ♣♣.♣
#.# #. ♣.♣♣ #.#
#. ♣♣.♣
#.#########.
###### ♣@♣♣
#...........
##....# #### #g#
#.......####
##....###..# ...
############
.#........##
#...# #......#..
.#....##### #)..#
#........#
.#....# #####
#......###
......# #...)..#
#.....#######
##...###
#.†.........#####
##..####


You could see Crazy Yiuf.

Vanquished Creatures
  3 dart slugs
  3 endoplasms
  3 giant cockroaches (D:2)
  2 goblins (D:2)
  2 hobgoblins (D:2)
  3 jackals (D:1)
  5 kobolds
  5 ball pythons
  2 bats (D:2)
  2 frilled lizards (D:1)
  12 rats
42 creatures vanquished.

Vanquished Creatures (others)
  4 fungi (D:2)
4 creatures vanquished.

Grand Total: 46 creatures vanquished

Notes
Turn   | Place    | Note
-------+----------+-------------------------------------------
     0 | D:1      | Kaptain the Gargoyle Earth Elementalist began the quest for
                  | the Orb.
     0 | D:1      | Reached XP level 1. HP: 10/10 MP: 3/3
   221 | D:1      | Reached XP level 2. HP: 15/16 MP: 5/5
   498 | D:1      | Reached skill level 1 in Fighting
   499 | D:1      | Reached skill level 1 in Conjurations
   570 | D:1      | Reached XP level 3. HP: 20/20 MP: 2/6
   608 | D:1      | Found a faded altar of an unknown god.
   727 | D:2      | Reached skill level 4 in Earth Magic
  1423 | D:2      | Found a runed translucent door.
  1424 | D:2      | Noticed Crazy Yiuf
  1430 | D:2      | HP: 1/20 [Crazy Yiuf/+2 quarterstaff of chaos (8)]
  1431 | D:2      | Slain by Crazy Yiuf

Illustrated notes

Levels and vault maps discovered:
D:1:      dpeg_arrival_round_a, layout_rooms, basic_ecumenical_altar,
          minmay_rat_gold_closets
D:2:      layout_rooms, uniq_crazy_yiuf_cottage

Skill      XL: |  1  2  3 |
---------------+----------+-----
Fighting       | 1 |  1.4
Conjurations   | 1 |  1.6
Earth Magic    | 4 |  4.0
Armour         | |  0.9
Dodging        | |  1.5
Stealth        | |  2.1
Spellcasting   | |  2.3
Transmutations | |  0.7

Action                   || total
-------------------------++-------
Melee: Spear             ||    15
       War axe           ||     2
 Fire: Hunting sling     ||    12
 Cast: Sandblast         ||    38
 Stab: Sleeping          ||     6
Armor: Robe              ||     6
Dodge: Dodged            ||    15
